 Dungeon Sprint DCSS version 0.18-a0-1045-g4e042de (webtiles) character file.

9373 Scytalen the Shatterer (level 11, 0/144 (146) HPs)
             Began as an Ogre Berserker on Jan 11, 2016.
             Was the Champion of Trog.
             Slain by a 12-headed hydra (12 damage)
             ... in the Dungeon (Sprint I: "Red Sonja").
             The game lasted 00:09:32 (2349 turns).

Scytalen the Shatterer (Ogre Berserker)             Turns: 2349, Time: 00:09:32

HP:   0/144 (146)   AC:  4    Str: 31    XL:     11   Next: 45%
MP:   11/11         EV: 14    Int:  4    God:    Trog [******]
Gold: 988           SH:  0    Dex: 12    Spells: 0 memorised, 10 levels left

rFire  + + +     SeeInvis .     n - +8 giant spiked club of Icvups {crush, rF+++ rC- MR- Str+7}
rCold  x . .     Gourm    .     b - +0 animal skin
rNeg   . . .     Faith    .     (shield currently unavailable)
rPois  .         Spirit   .     (helmet restricted)
rElec  .         Dismiss  .     j - +0 cloak
rCorr  .         Reflect  .     (gloves unavailable)
SustAt .         Harm     .     (boots unavailable)
MR     .....     NoTele   +     (no amulet)
Stlth  +.........               (no ring)
                                (no ring)

@: not resistant to hostile enchantments, very unstealthy
A: unfitting armour, blurry vision 1, dopey 1, tough skin 1
a: Berserk, Trog's Hand, Brothers in Arms, Burn Spellbooks, Renounce Religion


You were in the Dungeon.
You worshipped Trog.
Trog was exalted by your worship.
You were very hungry.

You visited 1 branch You collected 988 gold pieces.

Inventory:

Hand Weapons
 a - a +0 mace
 c - a cursed +0 blowgun
 k - a +0 giant club
 n - the +8 giant spiked club of Icvups (weapon) {crush, rF+++ rC- MR- Str+7}
   (Trog gifted it to you in the Dungeon)

   It inflicts extra damage upon your enemies.
   It affects your strength (+7).
   It renders you almost immune to fire.
   It makes you vulnerable to cold.
   It affects your resistance to hostile enchantments.
Missiles
 o - 9 curare-tipped needles
Armour
 b - a +0 animal skin (worn)
 i - a +0 pair of boots
 j - a +0 cloak (worn)
Scrolls
 l - a scroll of immolation {unknown}
 m - a scroll of amnesia {unknown}
 q - a scroll of identify {unknown}
Potions
 d - a potion of curing
 e - a potion of heal wounds
 f - a potion of haste
 g - 2 potions of magic
 h - a potion of berserk rage
 p - a potion of might {unknown}
Miscellaneous
 r - a lamp of fire
 s - a disc of storms


   Skills:
 - Level 20.0 Fighting
 + Level 23.2 Maces & Flails
 - Level 9.6 Dodging


You had 10 spell levels left.
You didn't know any spells.

Dungeon Overview and Level Annotations

Branches:
Dungeon (1/1)

Altars:
Cheibriados
Dithmenos
Elyvilon
Fedhas
Gozag
Kikubaaqudgha
Makhleb
Nemelex Xobeh
Okawaru
Pakellas
Qazlal
Ru
Sif Muna
Trog
Vehumet
Xom
Yredelemnul
Zin
The Shining One
Jiyva

Shops:
D *![


Innate Abilities, Weirdness & Mutations

You are too large for most types of armour.
You have tough skin (AC +1).
Scrolls take you a little longer to read.
You are dopey. (Int -2)


Message History

The 12-headed hydra bites you. The 12-headed hydra barely misses you.
The 12-headed hydra bites you! x2
The 12-headed hydra closely misses you. The 12-headed hydra bites you.
The 12-headed hydra closely misses you. x2
The 12-headed hydra bites you! x3
* * * LOW HITPOINT WARNING * * *
The 12-headed hydra bites you.
* * * LOW HITPOINT WARNING * * *
You take 64 damage, and have 39/144 hp.
MASSIVE DAMAGE!!
You're too hungry to go berserk.
You thump the 12-headed hydra!
The 12-headed hydra is severely wounded.
The 12-headed hydra bites you!
* * * LOW HITPOINT WARNING * * *
The 12-headed hydra bites you.
* * * LOW HITPOINT WARNING * * *
The 12-headed hydra bites you!
* * * LOW HITPOINT WARNING * * *
The 12-headed hydra misses you. The 12-headed hydra bites you!
You die...

#####################
..#..#§§§§§§§.§§@D§$#
..##'#§####§§.§§##§G+
..'.§#§# ##§§§## ##
###..'.# ###+#
.##+#### .#.).§§#
.#..§.§+ '###§§§#
.'.#§§§#


You could see a 12-headed hydra.

Vanquished Creatures
  2 centaur warriors (D)
  A deep troll (D)
  2 unseen horrors (D)
  A lindwurm (D)
  An oklob plant (D)
  A gargoyle (D)
  2 kobold demonologists (D)
  4 demonic crawlers (D)
  A slime creature (D)
  Sigmund (D)
  2 redbacks (D)
  A yak (D)
  13 hogs (D)
  A wasp (D)
  7 necrophages (D)
  An ogre (D)
  8 jellies (D)
  Ijyb (D)
  2 giant eyeballs (D)
52 creatures vanquished.

Vanquished Creatures (collateral kills)
  Sonja (D)
  A giant eyeball (D)
2 creatures vanquished.

Vanquished Creatures (others)
  A gargoyle (D)
1 creature vanquished.

Grand Total: 55 creatures vanquished

Notes
Turn   | Place    | Note
--------------------------------------------------------------
     0 | D        | Scytalen the Ogre Berserker began the quest for the Orb.
     0 | D        | Reached XP level 1. HP: 24/24 MP: 1/1
     1 | D        | Noticed Ijyb
    12 | D        | Killed Ijyb
    12 | D        | Reached skill level 8 in Maces & Flails
    12 | D        | Reached XP level 2. HP: 32/32 MP: 2/2
    12 | D        | Reached XP level 3. HP: 39/39 MP: 3/3
    62 | D        | Noticed an ogre
    66 | D        | Killed an ogre
    66 | D        | Reached ** piety under Trog
    66 | D        | Reached skill level 12 in Maces & Flails
    66 | D        | Reached XP level 4. HP: 37/48 MP: 4/4
   204 | D        | Noticed Sigmund
   215 | D        | Killed Sigmund
   215 | D        | Reached skill level 15 in Maces & Flails
   215 | D        | Reached XP level 5. HP: 54/54 MP: 5/5
   215 | D        | Reached XP level 6. HP: 62/62 MP: 6/6
   281 | D        | Found a snail-covered altar of Cheibriados.
   281 | D        | Found a viscous altar of Jiyva.
   281 | D        | Found a shadowy altar of Dithmenos.
   281 | D        | Found a blossoming altar of Fedhas.
   281 | D        | Noticed a slime creature
   284 | D        | Killed a slime creature
   284 | D        | Reached skill level 17 in Maces & Flails
   284 | D        | Reached XP level 7. HP: 70/70 MP: 7/7
   285 | D        | Found a deep blue altar of Sif Muna.
   287 | D        | Found a radiant altar of Vehumet.
   295 | D        | Reached *** piety under Trog
   295 | D        | Reached skill level 18 in Maces & Flails
   334 | D        | Noticed a kobold demonologist
   339 | D        | Killed a kobold demonologist
   339 | D        | Reached skill level 19 in Maces & Flails
   340 | D        | Noticed a kobold demonologist
   343 | D        | Noticed a chaos spawn
   347 | D        | Killed a kobold demonologist
   347 | D        | Reached **** piety under Trog
   347 | D        | Reached XP level 8. HP: 64/91 MP: 8/8
   431 | D        | Noticed a centaur warrior
   448 | D        | Found Ogieg's Distillery.
   448 | D        | Found a white marble altar of Elyvilon.
   448 | D        | Found a stormy altar of Qazlal.
   448 | D        | Found a basalt altar of Yredelemnul.
   448 | D        | Found an iron altar of Okawaru.
   448 | D        | Found a sparkling altar of Nemelex Xobeh.
   448 | D        | Found a shimmering altar of Xom.
   448 | D        | Found an ancient bone altar of Kikubaaqudgha.
   448 | D        | Noticed a yak
   449 | D        | Found a burning altar of Makhleb.
   449 | D        | Found a sacrificial altar of Ru.
   449 | D        | Found an oddly glowing altar of Pakellas.
   449 | D        | Found a glowing golden altar of the Shining One.
   449 | D        | Found an opulent altar of Gozag.
   449 | D        | Found a glowing silver altar of Zin.
   454 | D        | Killed a yak
   454 | D        | Reached skill level 10 in Fighting
   458 | D        | Found a bloodstained altar of Trog.
   504 | D        | Noticed a centaur warrior
   509 | D        | Killed a centaur warrior
   509 | D        | Reached XP level 9. HP: 72/114 MP: 9/9
   512 | D        | Killed a centaur warrior
   512 | D        | Reached ***** piety under Trog
   700 | D        | Killed a gargoyle
   784 | D        | Noticed a demonic crawler
   784 | D        | Noticed a demonic crawler
   784 | D        | Noticed a demonic crawler
   784 | D        | Noticed a demonic crawler
   789 | D        | Killed a demonic crawler
   792 | D        | Killed a demonic crawler
   794 | D        | Killed a demonic crawler
   798 | D        | Killed a demonic crawler
   798 | D        | Reached XP level 10. HP: 118/136 MP: 10/10
   969 | D        | Noticed a gargoyle
   980 | D        | Killed a gargoyle
   980 | D        | Reached skill level 20 in Fighting
  1152 | D        | Noticed a lindwurm
  1161 | D        | Killed a lindwurm
  1161 | D        | Reached skill level 5 in Dodging
  1374 | D        | Received a gift from Trog
  1384 | D        | Reached ****** piety under Trog
  1389 | D        | Received a gift from Trog
  1400 | D        | Got a crystal giant spiked club {god gift}
  1401 | D        | Identified the +8 giant spiked club of Icvups {crush, rF+++ rC- MR- Str+7} (Trog gifted it to you in the Dungeon)
  1409 | D        | Received a gift from Trog
  1705 | D        | Noticed Sonja
  1710 | D        | Killed Sonja
  1726 | D        | Found Bupn's General Store.
  1729 | D        | Noticed a shining eye
  1729 | D        | Noticed a shining eye
  1729 | D        | Noticed a shining eye
  1729 | D        | Noticed a shining eye
  1729 | D        | Noticed a shining eye
  1729 | D        | Noticed a shining eye
  1729 | D        | Gained mutation: You are dopey. (Int -2) [a shining eye]
  1733 | D        | Gained mutation: Scrolls take you a little longer to read. [a shining eye]
  1745 | D        | Noticed a deep troll
  1749 | D        | Killed a deep troll
  1749 | D        | Reached skill level 21 in Maces & Flails
  1749 | D        | Reached XP level 11. HP: 146/146 MP: 11/11
  1779 | D        | Found Adeh's Armour Emporium.
  1797 | D        | Noticed an oklob plant
  1800 | D        | Killed an oklob plant
  2100 | D        | Received a gift from Trog
  2115 | D        | Killed an unseen horror
  2115 | D        | Reached skill level 22 in Maces & Flails
  2116 | D        | Killed an unseen horror
  2248 | D        | Received a gift from Trog
  2258 | D        | Reached skill level 23 in Maces & Flails
  2347 | D        | Noticed a 12-headed hydra
  2349 | D        | Slain by a 12-headed hydra

Vault maps used:
D:        dungeon_sprint_1

Action                   |  1- 3 |  4- 6 |  7- 9 | 10-12 || total
-------------------------+-------+-------+-------+-------++-------
Melee: Mace              |    13 |       |       |       ||    13
       Giant club        |       |    10 |    38 |    32 ||    80
       Giant spiked club |       |       |       |    44 ||    44
Invok: Berserk           |     2 |     2 |     3 |     3 ||    10
       Trog's Hand       |       |       |     1 |       ||     1
       Brothers in Arms  |       |       |       |     1 ||     1
  Use: Scroll            |       |       |     1 |       ||     1
 Stab: Sleeping          |       |       |     1 |       ||     1
  Eat: Chunk             |       |     1 |     5 |       ||     6
       Beef jerky        |       |       |       |     2 ||     2
       Bread ration      |       |       |       |     1 ||     1
